 Dungeon Crawl Stone Soup version 0.19-a0-1714-gcab94ab (webtiles) character file.

78 dobroeutro the Insei (level 4, 0/35 HPs)
             Began as a Demonspawn Monk on Sept 28, 2016.
             Killed by divine providence
             ... invoked by an orc priest
              (14 damage)
             ... on level 3 of the Dungeon.
             The game lasted 00:02:57 (1766 turns).

dobroeutro the Insei (Demonspawn Monk)              Turns: 1766, Time: 00:02:58

Health: 0/35       AC:  8    Str: 13    XL:     4   Next: 15%
Magic:  4/4        EV: 10    Int: 11    God:
Gold:   159        SH:  0    Dex: 15    Spells: 0 memorised, 3 levels left

rFire  + . .     SeeInvis .       - Unarmed
rCold  . . .     Gourm    .     p - +0 scale mail
rNeg   . . .     Faith    .     (no shield)
rPois  .         Spirit   .     (helmet restricted)
rElec  .         Dismiss  .     (no cloak)
rCorr  .         Reflect  .     (no gloves)
MR     .....     Harm     .     k - +0 pair of boots
Stlth  +.........               (no amulet)
                                (no ring)
                                (no ring)

@: no status effects
A: antennae 2, fire resistance 1
a: no special abilities


You were on level 3 of the Dungeon.
You were not hungry.

You visited 1 branch of the dungeon, and saw 3 of its levels.

You collected 159 gold pieces.

Inventory:

Armour
 k - a +0 pair of boots (worn)
 p - a +0 scale mail (worn)
Scrolls
 c - a scroll of amnesia {unknown}
 e - 2 scrolls of teleportation {unknown}
 h - 6 scrolls of identify {unknown}
 i - a scroll of immolation {unknown}
 j - a scroll of noise {unknown}
 m - a scroll of remove curse {unknown}
 o - a scroll of recharging {unknown}
Potions
 a - a potion of brilliance {unknown}
 d - 3 potions of curing {unknown}
 f - a potion of mutation {unknown}
 n - a potion of magic {unknown}
 r - 2 potions of might {unknown}
Comestibles
 b - 2 bread rations
 g - 5 beef jerkies
 l - a chunk of flesh
 q - a meat ration


   Skills:
 + Level 3.4 Fighting
 + Level 0.5 Armour
 + Level 3.2 Dodging
 - Level 1.7 Stealth
 * Level 3.7 Unarmed Combat


You had 3 spell levels left.
You didn't know any spells.

Dungeon Overview and Level Annotations

Branches:
Dungeon (3/15)

Altars:


Innate Abilities, Weirdness & Mutations

You have a pair of antennae on your head.
Your flesh is heat resistant. (rF+)


Message History

The orc priest invokes the aid of Beogh against you.
Beogh smites you!
You hit the orc but do no damage. The orc barely misses you.
You hit the orc.
The orc is heavily wounded.
The orc barely misses you.
The orc priest calls down the wrath of Beogh upon you.
Beogh smites you!
You hit the orc but do no damage.
The orc is heavily wounded.
The orc hits you but does no damage. The orc hits you with a flail.
The orc barely misses you.
You hit the orc.
You kill the orc!
The orc barely misses you.
You hit the orc priest.
The orc priest is lightly wounded.
The orc priest mumbles some strange prayers to Beogh against you.
Beogh smites you!
You die...

......####################.#
.....†.)...# #.#
.......###.# #†#
####.......#####.# #.#
###.#..<......# #.#
#.############ #.# #..
......... #.# ...
........#########.# ...
......o@'.........#
......oo###########
.......o# ..=.....#
........# ........#
........# #########


You could see 2 orc priests and 2 orcs.

Vanquished Creatures
  A gnoll (D:1)
  An adder (D:2)
  An ooze (D:3)
  3 dart slugs
  2 leopard geckos (D:2)
  3 orcs
  5 bats
  2 giant cockroaches (D:2)
  5 goblins (D:1)
  5 hobgoblins
  3 jackals (D:1)
  6 frilled lizards
  A kobold (D:1)
  7 rats
45 creatures vanquished.

Notes
Turn   | Place    | Note
-------+----------+-------------------------------------------
     0 | D:1      | dobroeutro the Demonspawn Monk began the quest for the Orb.
     0 | D:1      | Reached XP level 1. HP: 18/18 MP: 1/1
   215 | D:1      | Gained mutation: You have a pair of small antennae on your head. [demonic ancestry]
   215 | D:1      | Reached XP level 2. HP: 11/24 MP: 2/2
   620 | D:1      | Gained mutation: Your flesh is heat resistant. (rF+) [demonic ancestry]
   620 | D:1      | Reached XP level 3. HP: 5/29 MP: 3/3
  1609 | D:2      | Gained mutation: You have a pair of antennae on your head. [demonic ancestry]
  1609 | D:2      | Reached XP level 4. HP: 31/35 MP: 4/4
  1766 | D:3      | Killed from afar by an orc priest

Vault maps used:
D:1:      shiori_arrival_maze
D:2:      nicolae_overflow_hidden_temple
D:3:      nicolae_ru_path_of_blood

Skill      XL: |  1  2  3 |
---------------+----------+-----
Unarmed Combat | 3 |  3.7
Dodging        | 3 |  3.2
Fighting       | |  3.4
Armour         | |  0.5
Stealth        | |  1.7

Action                   |  1- 3 |  4- 6 || total
-------------------------+-------+-------++-------
Melee: Unarmed           |   168 |    23 ||   191
       Punch             |     1 |       ||     1
 Stab: Sleeping          |     3 |       ||     3
       Distracted        |     1 |       ||     1
  Eat: Chunk             |     2 |     1 ||     3
Armor: Robe              |    35 |       ||    35
       Ring mail         |    13 |       ||    13
       Scale mail        |     7 |     7 ||    14
Dodge: Dodged            |   106 |     7 ||   113
